[Event "Live Chess"]
[Site "Chess.com"]
[Date "2023.05.21"]
[Round "-"]
[White "Pandreq"]
[Black "hturner40"]
[Result "0-1"]
[WhiteElo "1268"]
[BlackElo "1804"]
[TimeControl "300"]
[EndTime "23:27:00 PDT"]
[Termination "hturner40 won by resignation"]

1. d4 Nf6 2. c4 g6 3. Nc3 d5 4. cxd5 Nxd5 5. e4 Nxc3 6. bxc3 Bg7 7.
Nf3 O-O 8. Bc4 Nc6 9. O-O b6 10.
Bf4 Bb7 11. Rc1 Na5 12. Bb3 Nxb3 13. axb3 Bxe4 14. Re1 Bb7 15. c4 Bxf3 16. Qxf3 Qxd4 17. Bxc7 Qc5 18. Bf4 e6 19. Qd3 Rad8 20. Qg3 Rd7 21. Red1 Rfd8 22. Rxd7 Rxd7 23. h3 a5 24. Be3 Qa3 25.
Bf4 e5 26. Bg5 h6 27. Bxh6 Bxh6 28. Re1 Bg7 29. Qg4 Qd6 30. Qe4 Qd4 31. Qa8+ Kh7 32. Qf3 f5 33. Qg3 0-1

[Event "Live Chess"]
[Site "Chess.com"]
[Date "2023.05.21"]
[Round "-"]
[White "Davidagye"]
[Black "Long1968"]
[Result "1-0"]
[WhiteElo "1672"]
[BlackElo "1044"]
[TimeControl "300"]
[EndTime "23:27:09 PDT"]
[Termination "Davidagye won on time"]

1. e4 e6 2. d4 d5 3. Nc3 Bb4 4. e5 c5 5. a3 cxd4 6. axb4 dxc3 7. bxc3 Qc7 8. Qd4 Nc6 9. Bb5 Bd7 10. Bxc6 Bxc6 11. Ne2 Ne7 12. f4 Nf5 13. Qc5 b6 14. Qf2 O-O 15. g4 Ne7 16. Be3 f6 17. Bd4 f5 18.
Rg1 fxg4 19. Rxg4 Nf5 20. Kd2 Qf7 21. Rag1 g6 22. h4 Nxd4 23. Nxd4 Be8 24. h5 Qg7 25.
Nxe6 Qxe5 26. fxe5 Rxf2+ 27. Ke3 Rxc2 28. hxg6 Bxg6 29. Nf4 Rxc3+ 30. Kd4 Rc4+ 31. Kxd5 Rac8 32. Nxg6 Rxg4 33. Rxg4 hxg6 34. Rxg6+ Kf7 35. Rc6 1-0

[Event "Live Chess"]
[Site "Chess.com"]
[Date "2023.05.21"]
[Round "-"]
[White "f4nomore"]
[Black "chessfiction"]
[Result "0-1"]
[WhiteElo "1422"]
[BlackElo "2346"]
[TimeControl "300"]
[EndTime "23:27:20 PDT"]
[Termination "chessfiction won on time"]

1. d4 d5 2. Nf3 Nc6 3. e3 Bg4 4. Be2 Qd6 5. O-O O-O-O 6. Nc3 e5 7. dxe5 Qg6 8. Nb5 Be7 9. Nbd4 Nh6 10. Nxc6 Qxc6 11.
Nd4 Qg6 12. Bxg4+ Nxg4 13. h3 Nxe5 14. Nf3 f6 15. Nxe5 fxe5 16. c3 h5 17. Bd2 e4 18.
Qa4 Kb8 19. c4 dxc4 20. Bc3 Rh6 21. Bd4 a6 22. Rad1 Qg5 23. Bc3 Rg6 24. Rxd8+ Bxd8 25. g3 Qf5 26. Qe8 Rd6 27. Bd4 h4 28. g4 Qb5 29.
Qh5 Qxh5 30. gxh5 Rd5 31. f4 Rxh5 32. Bxg7 Rh7 33. Be5 Rh6 34. Kh2 Kc8 35. Rc1 b5 36.
Rg1 Rh7 37. Rg6 Kb7 38. b3 Rd7 39. bxc4 bxc4 40. Bd4 c5 41. Bc3 Rd3 42. Rg7+ Kc6 43. Rg6+ Kb5 44. Be5 Rd2+ 0-1

[Event "Live Chess"]
[Site "Chess.com"]
[Date "2023.05.21"]
[Round "-"]
[White "minenko-1958"]
[Black "WilliamofOrange16th"]
[Result "0-1"]
[WhiteElo "1425"]
[BlackElo "1817"]
[TimeControl "300"]
[EndTime "23:27:25 PDT"]
[Termination "WilliamofOrange16th won by resignation"]

1. e4 d6 2. Nf3 Nf6 3. Nc3 e5 4. Bc4 Be7 5. h3 O-O 6. d3 c6 7. a3 b5 8. Ba2 Nbd7 9. O-O a5 10. b4 Qc7 11. Nh2 Nb6 12. f4 d5 13. exd5 Nbxd5 14. Nxd5 Nxd5 15. fxe5 Qxe5 16. d4 Qg3 17. Qf3 Qg6 18.
Bxd5 cxd5 19. Qxd5 Bxh3 20. Bf4 axb4 21. axb4 Rxa1 22. Rxa1 Bxb4 23. Be5 Bc3 24. Rf1 Be6 25. Qxb5 Qxc2 26. Qc5 Qd3 27. Nf3 Bc4 28. Nh2 f6 29.
Kh1 Re8 30. Bf4 Qxd4 31. Qxd4 Bxd4 32. Rd1 Be5 33. Bxe5 Rxe5 34. Nf3 Rd5 35. Rxd5 Bxd5 36. Kg1 Bxf3 37. gxf3 h5 38. Kg2 g5 39. Kg3 Kg7 40. f4 Kg6 41. fxg5 fxg5 0-1

[Event "Live Chess"]
[Site "Chess.com"]
[Date "2023.05.21"]
[Round "-"]
[White "smoggyrabbit"]
[Black "Tushinskiy"]
[Result "0-1"]
[WhiteElo "1738"]
[BlackElo "2204"]
[TimeControl "300"]
[EndTime "23:27:39 PDT"]
[Termination "Tushinskiy won by resignation"]

1. d4 d5 2. Nf3 c6 3. e3 Nf6 4.
Nbd2 Bg4 5. h3 Bh5 6. g4 Bg6 7. Ne5 Nbd7 8. h4 h6 9. Nxg6 fxg6 10. Bd3 Kf7 11. b3 e5 12. dxe5 Nxe5 13. Be2 Bd6 14.
Bb2 Qe7 15. c4 Rad8 16. cxd5 Nxd5 17. Qc2 Nb4 18. Qb1 Bc7 19. Ba3 Nbd3+ 20. Bxd3 Nxd3+ 21. Ke2 Qxa3 22. Nc4 Qe7 23. Rd1 Ne5 24. Rxd8 Rxd8 25. Nxe5+ Bxe5 26. h5 gxh5 27. gxh5 Bxa1 28. Qg6+ Kg8 29.
Qf5 0-1

[Event "Live Chess"]
[Site "Chess.com"]
[Date "2023.05.21"]
[Round "-"]
[White "Ninifu"]
[Black "Mikhail_Golubev"]
[Result "0-1"]
[WhiteElo "2023"]
[BlackElo "2492"]
[TimeControl "300"]
[EndTime "23:28:03 PDT"]
[Termination "Mikhail_Golubev won by resignation"]

1. d4 g6 2. c4 Bg7 3. e4 d6 4. Nc3 Nc6 5. d5 Nd4 6. Be3 c5 7. Nge2 Bg4 8. h3 Bxe2 9. Nxe2 Nxe2 10. Qxe2 Nf6 11. Qc2 O-O 12. Bd3 e6 13. O-O exd5 14.
exd5 Re8 15. Rfe1 Nd7 16. Rad1 Qf6 17. b3 Qh4 18. Qd2 Bd4 19. Bg5 Bxf2+ 20. Qxf2 Qxg5 21.
Rf1 Ne5 22. Bc2 Kg7 23. Rde1 f5 24. Qf4 Qxf4 25. Rxf4 Nf3+ 0-1

[Event "Live Chess"]
[Site "Chess.com"]
[Date "2023.05.21"]
[Round "-"]
[White "Mugzwang"]
[Black "Duke_of_Bebington"]
[Result "0-1"]
[WhiteElo "1550"]
[BlackElo "1583"]
[TimeControl "300"]
[EndTime "23:28:07 PDT"]
[Termination "Duke_of_Bebington won on time"]

1. Nf3 d5 2. c4 c6 3. g3 Nf6 4. Bg2 Bf5 5. O-O e6 6. b3 h6 7. Bb2 Nbd7 8. Nc3 Bd6 9. d3 O-O 10.
cxd5 exd5 11. Rc1 Re8 12. Nh4 Bh7 13. e4 dxe4 14. dxe4 Ne5 15. Nf5 Bxf5 16. exf5 Qc7 17. Ne4 Nxe4 18. Bxe4 Rad8 19. Bxe5 Bxe5 20. Qf3 Rd4 21. Bb1 Red8 22. Qe3 Bf6 23. Rfe1 Bg5 24. f4 Bf6 25. Qf3 Qb6 26. Kg2 Rd2+ 27. Kh3 Qd4 28. Qe3 Qd7 29. Bc2 Kf8 30. Rcd1 Rxd1 31. Rxd1 Qc8 32.
Rxd8+ Qxd8 33. Qd3 Qxd3 34. Bxd3 Ke7 35. Kg4 Kd6 36. Kf3 Kc5 37. Ke4 Kb4 38. Bc4 b5 39.
Bxf7 Ka3 40. Be8 Kxa2 41. Bxc6 Kxb3 42. Bxb5 Kb4 43. Ba6 Kc5 44. Bb7 Bd4 45. Bd5 Bg1 46. h3 Bh2 47. g4 Bg1 48. Ba2 Bd4 49. Bd5 Bf6 50. Be6 a5 51. Kd3 Kb4 52. Kc2 Ka3 53. Kb1 a4 0-1

[Event "Live Chess"]
[Site "Chess.com"]
[Date "2023.05.21"]
[Round "-"]
[White "WelshTiger"]
[Black "profpirate4"]
[Result "1-0"]
[WhiteElo "2355"]
[BlackElo "1259"]
[TimeControl "300"]
[EndTime "23:28:22 PDT"]
[Termination "WelshTiger won by resignation"]

1. e4 c5 2. Nf3 d6 3. c3 Nf6 4. h3 Nxe4 5. Qa4+ Nc6 6. Qxe4 e6 7.
d4 d5 8. Qc2 Bd6 9. Be3 O-O 10.
dxc5 Bc7 11. Bd3 e5 12. Bxh7+ Kh8 13. Bf5 e4 14. Nd4 Nxd4 15. Bxd4 Bxf5 16. Nd2 Qg5 17. Be3 Qf6 18. g4 Bh7 19. O-O-O Rad8 20. Nb3 Be5 21.
h4 d4 22. cxd4 Bxd4 23. Rxd4 Rxd4 24. Nxd4 Rd8 25. g5 Qa6 26. Kb1 Bg8 27. h5 f6 28.
g6 Qxa2+ 29. Kc1 Qa1+ 30. Qb1 Qa5 31. h6 Qxc5+ 32. Qc2 Qa5 33. hxg7+ Kxg7 34. Bh6+ Kh8 35. g7+ Kh7 36. Qxe4+ f5 37. Qxf5+ Qxf5 38. Nxf5 Rc8+ 39.
Kd2 Bf7 40. Be3+ Kg6 41. Ne7+ 1-0

[Event "Live Chess"]
[Site "Chess.com"]
[Date "2023.05.21"]
[Round "-"]
[White "Biranidun"]
[Black "Driftboard"]
[Result "1-0"]
[WhiteElo "2560"]
[BlackElo "755"]
[TimeControl "300"]
[EndTime "23:28:43 PDT"]
[Termination "Biranidun won by checkmate"]

1. e4 e5 2. Nf3 Nc6 3. Bc4 Nf6 4. Ng5 d5 5. exd5 Na5 6. Bb5+ c6 7. dxc6 Nxc6 8.
O-O Nd5 9. Nf3 Bd7 10. Bxc6 Bxc6 11. Nxe5 Qd6 12. Nxc6 Qxc6 13. Nc3 Nf4 14. Qg4 Qf6 15.
d4 Ng6 16. Re1+ Be7 17. Bg5 Qd6 18. Bxe7 Nxe7 19. Qxg7 Rg8 20. Qxg8+ Kd7 21. Qxa8 Nc6 22.
Qxb7+ Qc7 23. Qxc7+ Kxc7 24. Rad1 Kb6 25. d5 Nb4 26. a3 Nxd5 27. Nxd5+ Kc6 28. Nb4+ Kc5 29. Re5+ Kb6 30. Rd6+ Kc7 31. Rf6 Kd7 32. Ra5 Kc7 33. Rxa7+ Kd8 34. Rfxf7 Ke8 35. Rxh7 Kf8 36. Rh8# 1-0

[Event "Live Chess"]
[Site "Chess.com"]
[Date "2023.05.21"]
[Round "-"]
[White "YrrriKharkiv"]
[Black "Singapourfeuj"]
[Result "0-1"]
[WhiteElo "2027"]
[BlackElo "2212"]
[TimeControl "300"]
[EndTime "23:28:57 PDT"]
[Termination "Singapourfeuj won by resignation"]

1. d4 Nf6 2. Nf3 g6 3. c4 Bg7 4.
Nc3 O-O 5. e4 d6 6. Be2 e5 7. d5 a5 8. h3 Na6 9. Rb1 c6 10. dxc6 bxc6 11. Be3 Rb8 12. Qd2 Qe7 13. O-O Nc5 14. Bd3 Nh5 15. Ne2 f5 16. exf5 Nxd3 17. fxg6 hxg6 18. Bg5 Nf6 19. Ng3 e4 20. Nh4 d5 21.
Nxg6 Qf7 22. Nxf8 Qxf8 23. cxd5 cxd5 24. Qxa5 Be6 25. Ne2 Nd7 26. Be3 Be5 27. Nd4 Bf7 28. Nc6 Ra8 29. Qd2 Qg7 30. Bh6 Qf6 31. b4 Kh7 32. Nxe5 N7xe5 33. Bg5 Qg6 34. f4 exf3 35. gxf3 d4 36. f4 Rxa2 37. Qd1 Qe4 0-1

[Event "Live Chess"]
[Site "Chess.com"]
[Date "2023.05.21"]
[Round "-"]
[White "martynstanley"]
[Black "CeladonFish"]
[Result "0-1"]
[WhiteElo "999"]
[BlackElo "1105"]
[TimeControl "300"]
[EndTime "23:29:14 PDT"]
[Termination "CeladonFish won by resignation"]

1. d4 Nf6 2. e3 g6 3. Bd3 Bg7 4. f4 O-O 5. Nf3 d5 6. O-O Bd7 7. c3 a6 8. Ne5 b5 9. Rf3 Bg4 10. h3 Bxf3 11. Qxf3 Nbd7 12. Nd2 Rc8 13. Qe4 Nxe4 14.
Nxe4 Nxe5 15. Ng5 Nxd3 16. Bd2 e5 17. fxe5 Qxg5 18. Kh2 f6 19. e4 fxe5 20. Bxg5 exd4 21. cxd4 dxe4 22. Rd1 Rce8 23. b3 Nb4 24. a3 Na2 25. d5 Rf7 26. Bh4 e3 27. Bg3 e2 28.
Re1 Bc3 29. Rxe2 Rxe2 30. Bxc7 Rxc7 31. d6 Rd7 32. a4 Rxd6 33. axb5 axb5 34. b4 Nxb4 0-1

[Event "Live Chess"]
[Site "Chess.com"]
[Date "2023.05.21"]
[Round "-"]
[White "Davidagye"]
[Black "chessfiction"]
[Result "0-1"]
[WhiteElo "1672"]
[BlackElo "2346"]
[TimeControl "300"]
[EndTime "23:29:14 PDT"]
[Termination "chessfiction won by resignation"]

1. b4 e5 2. Bb2 d6 3. c4 Bg4 4. h3 Bh5 5. g4 Bg6 6. Bg2 c6 7. d3 f5 8. Nf3 fxg4 9. hxg4 Nf6 10. g5 Nh5 11. c5 Nf4 12. Nbd2 Nxg2+ 0-1

[Event "Live Chess"]
[Site "Chess.com"]
[Date "2023.05.21"]
[Round "-"]
[White "ossie57"]
[Black "mirandaasilva"]
[Result "1-0"]
[WhiteElo "1931"]
[BlackElo "1631"]
[TimeControl "300"]
[EndTime "23:30:18 PDT"]
[Termination "ossie57 won on time"]

1. d4 d5 2. Nc3 Bf5 3. f3 e6 4.
g4 Bg6 5. h4 h5 6. g5 Nd7 7. e4 dxe4 8. fxe4 c5 9. Nf3 a6 10. Bd3 Rc8 11. e5 cxd4 12. Nxd4 Nxe5 13. Bxg6 Nxg6 14. a3 Bc5 15. Be3 N8e7 16. Nce2 Qd5 17.
Rf1 Nxh4 18. Qd3 Ng2+ 19. Kd2 Nxe3 20. Qxe3 O-O 21. b4 Nf5 22. Rxf5 exf5 23. bxc5 Rfe8 24.
Qd3 Re4 25. c3 Rxc5 26. g6 fxg6 27. Rb1 Qa2+ 28. Ke1 b5 29. Rc1 Qxa3 30. Rc2 Qa1+ 31. Kd2 b4 32. Nb3 Rxc3 33. Rxc3 bxc3+ 34. Qxc3 Qxc3+ 35. Nxc3 Rh4 36. Kc2 Rh3 37. Nd5 Rh2+ 38. Kd1 h4 39. Ke1 h3 40. Nf4 Rg2 41. Kf1 Rb2 42. Nd4 g5 43.
Nxh3 g4 44. Nf4 Rb3 45. Nde6 Rf3+ 46. Ke2 g5 47. Nh5 g3 48. Nd4 Kf7 49. Nxf3 g4 50. Ng1 a5 51. Nxg3 f4 52. Nf1 f3+ 53. Kf2 a4 54. Nd2 a3 55. Nb3 a2 56. Kg3 f2 57.
Ne2 1-0

[Event "Live Chess"]
[Site "Chess.com"]
[Date "2023.05.21"]
[Round "-"]
[White "AttackingSnowLeopard"]
[Black "KeithArkell"]
[Result "1/2-1/2"]
[WhiteElo "2147"]
[BlackElo "2555"]
[TimeControl "300"]
[EndTime "23:30:23 PDT"]
[Termination "Game drawn - insufficient material"]

1. d4 e6 2. c4 Bb4+ 3. Bd2 Bxd2+ 4. Qxd2 Nf6 5. Nc3 d6 6. e4 Qe7 7. Nf3 e5 8. d5 Bg4 9. Qe3 Bxf3 10. Qxf3 Nbd7 11. Be2 a5 12. O-O Nc5 13. Qe3 O-O 14. b3 c6 15. Rab1 Qc7 16. a3 h6 17. Bd1 Rfc8 18. b4 axb4 19. axb4 Ncd7 20. Be2 Ra3 21.
Ra1 Rca8 22. Rxa3 Rxa3 23. Qd2 Qb6 24. Qb2 Qa7 25. dxc6 bxc6 26. b5 cxb5 27. cxb5 Qa5 28. Rc1 Nb6 29. h3 Nfd7 30. Qd2 Nc5 31. Qxd6 Rxc3 32. Rxc3 Qxc3 33. Qxb6 Nxe4 34. Qd8+ Kh7 35. Qd3 Qe1+ 36. Kh2 f5 37. Bf3 Qh1+ 38. Kxh1 Nxf2+ 39. Kg1 Nxd3 40. b6 Nc5 41. b7 Nd7 42. Bd5 Nb8 43.
Kf2 Kg6 44. Ke3 Kf6 45. g4 g6 46. gxf5 gxf5 47. Kf3 Ke7 48. Ke3 Kd6 49. Bg2 e4 50. Bxe4 fxe4 51. Kxe4 Kc6 52. Kf5 Kxb7 53. Kg6 Nd7 54.
Kxh6 Ne5 55. Kg7 Nf3 56. h4 Nxh4 1/2-1/2

[Event "Live Chess"]
[Site "Chess.com"]
[Date "2023.05.21"]
[Round "-"]
[White "Doge_Dandolo"]
[Black "LaupMiths"]
[Result "1-0"]
[WhiteElo "1908"]
[BlackElo "1810"]
[TimeControl "300"]
[EndTime "23:30:37 PDT"]
[Termination "Doge_Dandolo won by resignation"]

1. Nf3 d5 2. c4 e6 3. g3 c5 4.
Bg2 Nc6 5. cxd5 exd5 6. d4 Nf6 7. O-O cxd4 8. Nxd4 Bc5 9. Nxc6 bxc6 10. Qc2 Qd6 11.
Bf4 Qe7 12. Nc3 O-O 13. Na4 Bb6 14. a3 Bd7 15. b4 Rfe8 16. Rfe1 Rac8 17. Rac1 Nh5 18.
Bd2 Bg4 19. e3 Qf6 20. Bc3 Qe6 21. Bb2 Bh3 22. Nc5 Bxc5 23. Qxc5 Bxg2 24. Kxg2 Qe4+ 25.
Kg1 Nf6 26. Qd4 Qf3 27. Qf4 Qxf4 28. gxf4 Ne4 29. Bd4 a6 30. Kg2 Nd6 31. Kf3 Nc4 32.
Rg1 g6 33. a4 f5 34. a5 Rb8 35. Bc5 Rb7 36. Rgd1 Rd7 37. Rxc4 Re4 38. Rxe4 dxe4+ 39. Ke2 1-0

[Event "Live Chess"]
[Site "Chess.com"]
[Date "2023.05.21"]
[Round "-"]
[White "Pandreq"]
[Black "elephantgerrald"]
[Result "0-1"]
[WhiteElo "1252"]
[BlackElo "575"]
[TimeControl "300"]
[EndTime "23:30:38 PDT"]
[Termination "elephantgerrald won by checkmate"]

1. d4 d5 2. c4 dxc4 3. e4 e5 4. d5 c6 5. Bxc4 cxd5 6. Bxd5 Nc6 7. Qa4 Bd7 8. Nc3 Bb4 9. Bd2 Nge7 10. Bxc6 Bxc6 11.
Qxb4 O-O 12. Nf3 a5 13. Qb3 Bd7 14. Nxe5 Be6 15. Qc2 f6 16. Nf3 h6 17. O-O Ng6 18. e5 Nxe5 19. Nxe5 fxe5 20. Rfe1 Qf6 21. Rad1 Qxf2+ 22. Kh1 b5 23. Re2 Qf1+ 24. Rxf1 Rxf1# 0-1

[Event "Live Chess"]
[Site "Chess.com"]
[Date "2023.05.21"]
[Round "-"]
[White "raminguy"]
[Black "LutherSullivan"]
[Result "1-0"]
[WhiteElo "1936"]
[BlackElo "2193"]
[TimeControl "300"]
[EndTime "23:31:02 PDT"]
[Termination "raminguy won on time"]

1. d4 Nf6 2. Nc3 d5 3. Bf4 c6 4. e3 Bf5 5. Nf3 e6 6. Ne5 Nbd7 7. g4 Bg6 8. h4 h5 9. Nxg6 fxg6 10. Qd3 Kf7 11. g5 Ng8 12. Bh3 Ne7 13. O-O-O Nf5 14. e4 dxe4 15. Nxe4 Nb6 16. Ng3 Qd7 17. Rhe1 Nd5 18. Bd2 Bd6 19. Nxf5 exf5 20. Qb3 b5 21.
Bg2 Bc7 22. c4 bxc4 23. Qxc4 Rhe8 24. Kb1 Kg8 25. Rc1 Rxe1 26. Bxe1 Re8 27. Bd2 Kh7 28. Bxd5 cxd5 29. Qxc7 Qb5 30. Qc6 Qd3+ 31. Qc2 Qxd4 32. Be3 Qxh4 33. Bxa7 d4 34. Rd1 Rd8 35. Qc7 Qe4+ 36.
Ka1 Qe2 37. Rb1 Rd5 38. Qf7 Qe4 39. f4 d3 40. Be3 Qxe3 41. Qxd5 d2 42. a4 Qxf4 43. b3 Qe3 44. a5 1-0

[Event "Live Chess"]
[Site "Chess.com"]
[Date "2023.05.21"]
[Round "-"]
[White "jbooth"]
[Black "Supertromp"]
[Result "0-1"]
[WhiteElo "1678"]
[BlackElo "2143"]
[TimeControl "300"]
[EndTime "23:31:03 PDT"]
[Termination "Supertromp won by resignation"]

1. e4 c5 2. Nf3 d6 3. c3 Nf6 4. Bd3 g6 5. Bc2 Bg7 6. O-O O-O 7. h3 d5 8. exd5 Qxd5 9. Re1 Nc6 10. d4 cxd4 11. cxd4 Rd8 12. Be3 Qh5 13. Nc3 Be6 14.
Qe2 Nd5 15. Rad1 Nxc3 16. bxc3 Bxa2 17. Bxg6 hxg6 18. Qxa2 e5 19. d5 Ne7 20. Bc5 Nf5 21. Nxe5 Bxe5 22. Rxe5 Qxd1+ 23. Kh2 Rac8 24. Qxa7 Rxd5 25.
Rxd5 Qxd5 0-1

[Event "Live Chess"]
[Site "Chess.com"]
[Date "2023.05.21"]
[Round "-"]
[White "Nazarenko_vital"]
[Black "BillythekidFellowes"]
[Result "0-1"]
[WhiteElo "1629"]
[BlackElo "2020"]
[TimeControl "300"]
[EndTime "23:31:08 PDT"]
[Termination "BillythekidFellowes won on time"]

1. e4 e6 2. d4 d5 3. Nd2 dxe4 4.
Nxe4 Nc6 5. Nf3 Nf6 6. Ng3 Bd6 7. Bb5 O-O 8. Bg5 h6 9. Be3 a6 10. Bxc6 bxc6 11. Ne5 Bxe5 12. dxe5 Nd5 13. Bc5 Re8 14.
O-O Qg5 15. Re1 a5 16. c4 Nf4 17. Qf3 Ng6 18. Ne4 Qxe5 19. Nd6 Qxc5 20. Nxe8 Ba6 21. Nxc7 Ra7 22. Nxa6 Rxa6 23. b3 a4 24. Qd1 axb3 25.
axb3 Rxa1 26. Qxa1 Qb4 27. Qb1 Nf4 28. g3 Nh3+ 29. Kg2 Ng5 30. Rd1 g6 31. Rd8+ Kg7 32.
Qb2+ f6 33. Rd7+ Nf7 34. h4 Qb8 35. b4 Qc8 36. Qd2 Kf8 37. Ra7 c5 38. b5 g5 39.
hxg5 hxg5 40. Qd7 Qxd7 41. Rxd7 Ne5 42. Rc7 Nxc4 0-1

[Event "Live Chess"]
[Site "Chess.com"]
[Date "2023.05.21"]
[Round "-"]
[White "HoarseyHorsey"]
[Black "MaximKris"]
[Result "1-0"]
[WhiteElo "1431"]
[BlackElo "1836"]
[TimeControl "300"]
[EndTime "23:31:26 PDT"]
[Termination "HoarseyHorsey won by checkmate"]

1. d4 d5 2. c4 e6 3. Nc3 Nf6 4.
cxd5 exd5 5. Bg5 Be6 6. e3 h6 7.
Bh4 Nc6 8. Nf3 g5 9. Bg3 Bd6 10. Bd3 Qd7 11. Bb5 a6 12. Ba4 b5 13. Bc2 O-O-O 14.
O-O h5 15. Bxd6 Qxd6 16. Bd3 g4 17. Nh4 Rhg8 18. Bxb5 axb5 19. Nxb5 Qe7 20. Qa4 Kd7 21. Rac1 Ne4 22. Na7 Ke8 23. Nxc6 Qd7 24. Qa6 Rc8 25. Ne5 Qe7 26. g3 Ng5 27. Rc6 Nf3+ 28. Nhxf3 gxf3 29. Rfc1 h4 30. Nxf3 hxg3 31. hxg3 Rh8 32. Qb7 Qd7 33.
Rxc7 Rxc7 34. Rxc7 Qa4 35. Qb8+ Bc8 36. Qxc8# 1-0

[Event "Live Chess"]
[Site "Chess.com"]
[Date "2023.05.21"]
[Round "-"]
[White "MarkLim1"]
[Black "CroasArRheun"]
[Result "0-1"]
[WhiteElo "1657"]
[BlackElo "1846"]
[TimeControl "300"]
[EndTime "23:31:44 PDT"]
[Termination "CroasArRheun won on time"]

1. d4 d5 2. Nf3 Nf6 3. c4 e6 4. cxd5 exd5 5. Nc3 c6 6. Qc2 Be7 7. Bg5 Nbd7 8. e3 h6 9. Bh4 O-O 10. Bd3 Nb6 11. O-O Nh5 12. Bxe7 Qxe7 13. Rab1 Bg4 14.
Ne5 Be6 15. b4 Nd7 16. f4 Nxe5 17. dxe5 Bg4 18. h3 Bd7 19. g4 Qh4 20. Qg2 g5 21. gxh5 Bxh3 22. Qh2 Qg4+ 23. Kh1 Bxf1 24. Rxf1 Rad8 25. Ne2 Kh8 26. Nd4 gxf4 27. exf4 Rg8 28. Be2 Qg3 29. Rg1 Qxh2+ 30. Kxh2 Rxg1 31. Kxg1 Rg8+ 32. Kf2 Kh7 33. Nf5 Rf8 34. Nd6 f6 35. e6 Rd8 36. Nxb7 Re8 37. f5 Kg7 38. Ke3 Re7 39.
Nc5 Kf8 40. Kf4 Ke8 41. a4 Kd8 42. Nb3 Kc7 43. Nd4 Kd6 44. Bf3 c5 45. bxc5+ Kxc5 46. Nb5 d4 47. Be2 a6 48. Na3 a5 49. Ke4 Kb4 50. Nc2+ Kxa4 51. Nxd4 Kb4 52. Nc6+ Kc5 53. Nxe7 Kd6 54. Ng6 a4 55. e7 Kd7 56. Bc4 Ke8 57. Ba2 a3 0-1

[Event "Live Chess"]
[Site "Chess.com"]
[Date "2023.05.21"]
[Round "-"]
[White "Crowded_House"]
[Black "JohanKjeldahl"]
[Result "0-1"]
[WhiteElo "1685"]
[BlackElo "1880"]
[TimeControl "300"]
[EndTime "23:31:45 PDT"]
[Termination "JohanKjeldahl won by resignation"]

1. d4 Nf6 2. Bg5 e6 3. e3 c5 4.
c3 d5 5. Nf3 Nc6 6. Bd3 h6 7.
Bh4 b6 8. Nbd2 Be7 9. O-O O-O 10.
Qb1 Bb7 11. Re1 Rc8 12. Bg3 Nh5 13. Ne5 Nxg3 14. Nxc6 Bxc6 15. hxg3 Bf6 16. dxc5 bxc5 17. Nf3 e5 18. Ba6 Rb8 19. Be2 e4 20. Nd2 Qb6 21. Qc2 Qxb2 22. Qxb2 Rxb2 23. Nb3 Bxc3 24. Rec1 d4 25.
exd4 cxd4 26. Rab1 Rxe2 27. Nxd4 Bxd4 28. Rxc6 Rxf2 29.
Kh1 Rxa2 30. Rc4 Ra1 31. Rxa1 Bxa1 32. Rxe4 Rd8 33. Ra4 Bd4 34. Ra3 Rd6 35. Kh2 Rd5 0-1

[Event "Live Chess"]
[Site "Chess.com"]
[Date "2023.05.21"]
[Round "-"]
[White "Davidagye"]
[Black "Singapourfeuj"]
[Result "0-1"]
[WhiteElo "1671"]
[BlackElo "2213"]
[TimeControl "300"]
[EndTime "23:32:08 PDT"]
[Termination "Singapourfeuj won by resignation"]

1. b4 a5 2. b5 c6 3. c4 d5 4. e3 dxc4 5. Bxc4 cxb5 6. Bxb5+ Nc6 7. Qc2 Bd7 8. Nf3 Nf6 9. O-O Rc8 10. Qa4 e6 11. Ba3 Bxa3 12. Qxa3 Qe7 13. Bxc6 Bxc6 14.
Qxa5 Bxf3 15. gxf3 O-O 16. Nc3 Rc5 17. Qa4 Rh5 18.
Kh1 Qd6 19. f4 Qxd2 20. Ne4 Nxe4 21. Qxe4 b5 22. Rab1 Qxa2 23. Rxb5 Rxb5 0-1

[Event "Live Chess"]
[Site "Chess.com"]
[Date "2023.05.21"]
[Round "-"]
[White "f4nomore"]
[Black "Biranidun"]
[Result "0-1"]
[WhiteElo "1422"]
[BlackElo "2560"]
[TimeControl "300"]
[EndTime "23:32:22 PDT"]
[Termination "Biranidun won by checkmate"]

1. d4 Nf6 2. Bg5 c5 3. Bxf6 gxf6 4. dxc5 e6 5. b4 a5 6. c3 b6 7. cxb6 axb4 8. e3 Qxb6 9. Bd3 bxc3 10. Nxc3 Bb4 11.
Qc2 Rg8 12. Nf3 Ra3 13. O-O Rxc3 14. Qb2 Rxd3 15. Rab1 Nc6 16. Nd4 Nxd4 17. exd4 Bb7 18. f3 Qxd4+ 19. Qxd4 Rxd4 20. a3 Rd2 21. Rf2 Bc5 22.
Rxb7 Rd1# 0-1

[Event "Live Chess"]
[Site "Chess.com"]
[Date "2023.05.21"]
[Round "-"]
[White "OleksiyJr1"]
[Black "Conradical12"]
[Result "1/2-1/2"]
[WhiteElo "968"]
[BlackElo "1607"]
[TimeControl "300"]
[EndTime "23:32:56 PDT"]
[Termination "Game drawn by 50-move rule"]

1. e4 e5 2. Nf3 Nc6 3. Bc4 Nf6 4. Nc3 Nxe4 5. Nxe4 d5 6. Bxd5 Qxd5 7. d3 f5 8.
Nc3 Bb4 9. Bd2 Bxc3 10. Bxc3 O-O 11. O-O e4 12. dxe4 Qxd1 13. Rfxd1 fxe4 14. Nd4 Bg4 15. Re1 Nxd4 16. Bxd4 Rae8 17. c3 Rf5 18. h3 Rb5 19.
b4 Bf5 20. g4 Bg6 21. f4 h5 22. f5 Bh7 23. a4 Rd5 24. Re3 Rd6 25. Rae1 hxg4 26.
hxg4 Ra6 27. a5 Rh6 28. Rxe4 Rxe4 29. Rxe4 Rh4 30. Bxa7 Bxf5 31. Re8+ Kf7 32. Rb8 Rxg4+ 33. Kf2 Be4 34. Rc8 Bc6 35. Rxc7+ Kf6 36. Bd4+ Kg6 37. Rxg7+ Kf5 38. Rxg4 Kxg4 39. Ke3 Kf5 40. Kd3 Ke6 41. Kc4 Kd7 42. b5 Bh1 43. Kb4 Kd6 44. c4 Kc7 45.
b6+ Kc6 46. c5 Bf3 47. Kc4 Be2+ 48. Kc3 Ba6 49. Kd2 Bb5 50. Ke3 Ba6 51. Kf4 Bb5 52.
Ke5 Ba6 53. Ke6 Bb5 54. Ke7 Ba6 55. Kd8 Bb5 56. Kc8 Ba6 57. Kb8 Kb5 58. c6 Kxc6 59.
Ka7 Kb5 60. Bc3 Kc6 61. Bb4 Kb5 62. Bd2 Kc6 63. Kb8 Kb5 64. Ka7 Kc6 65. Kb8 Kb5 66. Kc8 Kc6 67. Kd8 Kb5 68. Ke7 Kc6 69.
Ke6 Kb5 70. Ke5 Kc6 71. Kd4 Kb5 72. Kc3 Kc6 73. Kb3 Kb5 74. Ka3 Kc6 75. Ka4 Bb5+ 76. Kb4 Ba6 77. Ka4 Bb5+ 78. Ka3 Ba6 79. Kb3 Kb5 80.
Kb2 Ka4 81. Kc1 Bb5 82. Kd1 Ba6 83. Ke1 Bb5 84. Kf2 Ba6 85. Ke3 Bb5 86. Ke4 Ba6 87.
Kd5 Bb5 88. Kd6 Ba6 89. Kc7 Kb5 90. Kd6 Kc4 91. Kc7 Kd3 92. Bb4 Kc4 93. Be1 Kd3 94.
Kd6 Ke2 95. Bb4 Kd3 96. Kc5 Ke4 97. Bc3 Kd3 98. Bh8 Kc2 99. Kb4 Kd1 100. Be5 Ke2 101. Bc7 Kf1 102. Kc5 Kg2 103. Kd6 Kh1 104. Kd7 Kg2 105. Kc8 Kf3 106. Kd8 Ke4 107. Kc8 Kd5 108. Kb8 Ke4 1/2-1/2

[Event "Live Chess"]
[Site "Chess.com"]
[Date "2023.05.21"]
[Round "-"]
[White "Driftboard"]
[Black "YrrriKharkiv"]
[Result "0-1"]
[WhiteElo "755"]
[BlackElo "2027"]
[TimeControl "300"]
[EndTime "23:32:57 PDT"]
[Termination "YrrriKharkiv won by checkmate"]

1. e4 e6 2. d4 d5 3. exd5 exd5 4. Qe2+ Be7 5. Nc3 Nc6 6. Qf3 Nxd4 7. Qxd5 Nxc2+ 8. Kd2 Nxa1 9. Qxd8+ Bxd8 10. Kd3 Nf6 11. Bg5 Bf5+ 12. Ke3 Nc2+ 13. Kf4 Bg6 14. Bxf6 Bxf6 15.
Nf3 O-O 16. Ne5 Nd4 17. Nxg6 hxg6 18. Bc4 c6 19. Re1 Rfe8 20. Rxe8+ Rxe8 21. Ne4 Ne6+ 22. Kf3 Be5 23. Bxe6 Rxe6 24. h3 Bxb2 25. Nc5 Re7 26. g4 Bd4 27. Nb3 c5 28. Nxd4 cxd4 29. Kg2 d3 30. f3 d2 31. Kg3 d1=Q 32. a4 Qe1+ 33. Kf4 Qe5# 0-1

[Event "Live Chess"]
[Site "Chess.com"]
[Date "2023.05.21"]
[Round "-"]
[White "profpirate4"]
[Black "Mugzwang"]
[Result "0-1"]
[WhiteElo "1253"]
[BlackElo "1579"]
[TimeControl "300"]
[EndTime "23:33:09 PDT"]
[Termination "Mugzwang won by resignation"]

1. d4 d5 2. c4 e6 3. Nc3 Nf6 4. e3 c6 5. Bd3 dxc4 6. Bxc4 Nbd7 7. Qc2 Bd6 8. Nf3 a6 9. O-O b5 10. Bd3 O-O 11. Ne5 Nxe5 12. dxe5 Bxe5 13. Rd1 Qc7 14.
f4 Bd6 15. Ne4 Nxe4 16. Bxe4 h6 17. Rf1 Bb7 18. Rf3 c5 19. Rh3 Bxe4 20. Qxe4 Rad8 21. b4 c4 22. Bb2 c3 23. Rc1 Qc4 24. Qb7 Bxb4 25.
Qxa6 Rd2 26. Ba1 Qe2 27. Rg3 Rd1+ 28. Rxd1 Qxd1+ 29. Kf2 Qxa1 0-1